 Dungeon Crawl Stone Soup version 0.28-a0-850-g09de17f5b5 (webtiles) character file.

Game seed: 6308264131713014367

72 Crownlay the Digger (level 4, 0/24 HPs)
             Began as a Gargoyle Earth Elementalist on Nov 13, 2021.
             Slain by a scorpion (6 damage)
             ... on level 4 of the Dungeon.
             The game lasted 00:02:10 (1476 turns).

Crownlay the Digger (Gargoyle Earth Elementalist)   Turns: 1476, Time: 00:02:10

Health: 0/24       AC:  5    Str: 12    XL:     4   Next: 26%
Magic:  4/9        EV: 11    Int: 16    God:
Gold:   56         SH:  0    Dex: 10    Spells: 6/10 levels left

rFire   + . .      SeeInvis .   f - staff of fire
rCold   . . .      Faith    .   (no shield)
rNeg    + . .      Spirit   .   b - +0 robe
rPois   ∞          Reflect  .   (no helmet)
rElec   +          Harm     .   (no cloak)
rCorr   .          Rampage  .   (no gloves)
Will    .....                   (no boots)
Stlth   ++........              (no amulet)
HPRegen 0.08/turn               (no ring)
MPRegen 0.11/turn               (no ring)

@: no status effects
A: sickness immunity, AC +3, negative energy resistance 1, electricity
resistance, torment resistance 1, petrification resistance
a: no special abilities


You were on level 4 of the Dungeon.
You visited 1 branch of the dungeon, and saw 3 of its levels.

You collected 56 gold pieces.

Inventory:

Missiles
 c - 42 stones
Armour
 b - a +0 robe (worn)
Magical Staves
 f - a staff of fire (weapon)
Scrolls
 a - a scroll of fear {unknown}
 d - 3 scrolls of teleportation {unknown}
 e - a scroll of identify {unknown}
Potions
 g - a potion of heal wounds {unknown}


   Skills:
 - Level 1.5 Dodging
 - Level 2.1 Stealth
 * Level 3.5 Spellcasting
 - Level 0.7 Transmutations
 + Level 4.5 Earth Magic


You had 6 spell levels left.
You knew the following spells:

 Your Spells              Type           Power      Damage    Failure   Level
a - Sandblast             Erth           34%        2d9       2%          1
b - Stone Arrow           Conj/Erth      20%        3d8       22%         3

Your spell library contained the following spells:

 Spells                   Type           Power      Damage    Failure   Level
 Passwall                 Tmut/Erth      9%         N/A       9%          2
 Static Discharge         Conj/Air       2%         N/A       26%         2
 Gell's Gravitas          Tloc           2%         N/A       47%         3
 Lesser Beckoning         Tloc           2%         N/A       47%         3
 Teleport Other           Tloc           2%         N/A       47%         3
 Petrify                  Tmut/Erth      11%        N/A       52%         4
 Lightning Bolt           Conj/Air       1%         1d12      99%         5
 Maxwell's Capacitive Co  Air            1%         ∞         100%        8


Dungeon Overview and Level Annotations

Branches:
Dungeon (2/15)

Altars:


Innate Abilities, Weirdness & Mutations

You are immune to sickness and miasma.
Your stone body is resilient. (AC +3)
You are immune to poison.
You resist negative energy. (rN+)
You are resistant to electric shocks. (rElec)
You are resistant to unholy torment.
You are immune to petrification.


Message History

Aiming: Sandblast (safe; 2% risk of failure)
Press: ? - help, Shift-Dir - straight line, f - scorpion
Aim: a scorpion (79% to hit)
The blast of sand hits the scorpion.
The scorpion is moderately wounded.
The scorpion barely misses you. The scorpion closely misses you.
Casting: Sandblast (safe; 2% risk of failure)
Confirm with . or Enter, or press ? or * to list all spells.
Aiming: Sandblast (safe; 2% risk of failure)
Press: ? - help, Shift-Dir - straight line, f/p - scorpion
Aim: a scorpion (moderately wounded, 79% to hit)
The blast of sand hits the scorpion.
The scorpion is heavily wounded.
The scorpion stings you.
Casting: Sandblast (safe; 2% risk of failure)
Confirm with . or Enter, or press ? or * to list all spells.
Aiming: Sandblast (safe; 2% risk of failure)
Press: ? - help, Shift-Dir - straight line, f/p - scorpion
Aim: a scorpion (heavily wounded, 79% to hit)
The blast of sand hits the scorpion.
The scorpion is almost dead.
The scorpion stings you.
Casting: Sandblast (safe; 2% risk of failure)
Confirm with . or Enter, or press ? or * to list all spells.
Aiming: Sandblast (safe; 2% risk of failure)
Press: ? - help, Shift-Dir - straight line, f/p - scorpion
Aim: a scorpion (almost dead, 79% to hit)
The blast of sand hits the scorpion but does no damage.
The scorpion is almost dead.
The scorpion stings you.
* * * LOW HITPOINT WARNING * * *
Casting: Sandblast (safe; 2% risk of failure)
Confirm with . or Enter, or press ? or * to list all spells.
Aiming: Sandblast (safe; 2% risk of failure)
Press: ? - help, Shift-Dir - straight line, f/p - scorpion
Aim: a scorpion (almost dead, 79% to hit)
The blast of sand hits the scorpion but does no damage.
The scorpion is almost dead.
The scorpion stings you.
You die...

....o.. .s.....
.r..... ..o....
####K.o....
###o.o.# #rh.####
#s###
#@###############
#.......##......#
####....##......#
#............#
#....#.......#
#....##)..[..#
#######).....#
#).....# #......#


You could see a scorpion, an orc, a quokka and a jackal.

Vanquished Creatures
  4 gnolls (D:4)
  3 dart slugs (D:1)
  5 ball pythons
  2 endoplasms
  A giant cockroach (D:1)
  A goblin (D:1)
  2 hobgoblins (D:1)
  3 jackals (D:4)
  3 bats
  3 frilled lizards (D:1)
  3 rats (D:1)
30 creatures vanquished.

Notes
Turn   | Place    | Note
-------+----------+-------------------------------------------
     0 | D:1      | Crownlay the Gargoyle Earth Elementalist began the quest
                  | for the Orb.
     0 | D:1      | Reached XP level 1. HP: 10/10 MP: 3/3
   312 | D:1      | Reached XP level 2. HP: 8/15 MP: 1/5
   704 | D:1      | Reached skill level 4 in Earth Magic
  1084 | D:1      | Reached XP level 3. HP: 14/19 MP: 7/7
  1162 | D:1      | Learned a level 3 spell: Stone Arrow
  1298 | D:2      | You fall into a shaft and drop 2 floors!
  1356 | D:4      | Reached XP level 4. HP: 24/24 MP: 5/9
  1444 | D:4      | Noticed a scorpion
  1476 | D:4      | Slain by a scorpion

Illustrated notes

Levels and vault maps discovered:
D:1:      eino_arrival_water_star, layout_rooms, dk_noncrumbling_3, minivault_24
D:2:      cheibrodos_fertilizer, layout_loops_ring, uniq_sigmund
D:4:      layout_rooms

Skill      XL: |  1  2  3 |
---------------+----------+-----
Earth Magic    | 4 |  4.5
Spellcasting   | 3 |  3.5
Dodging        | |  1.5
Stealth        | |  2.1
Transmutations | |  0.7

Action                   |  1- 3 |  4- 6 || total
-------------------------+-------+-------++-------
Melee: Unarmed           |    47 |       ||    47
       Dagger            |    13 |       ||    13
       Staff             |    15 |    22 ||    37
 Cast: Sandblast         |    22 |    10 ||    32
 Stab: Sleeping          |     3 |       ||     3
Armor: Robe              |    42 |    15 ||    57
Dodge: Dodged            |    46 |    23 ||    69

Table legend: (Time is in decaauts)
 A = Elapsed time spent in this place.
 B = Non-inter-level travel time spent in this place.
 C = Inter-level travel time spent in this place.
 D = Time resting spent in this place.
 E = Time spent auto-exploring this place.
 F = Levels seen in this place.
 G = Mean time per level.
                   A        B        C        D        E       F      G
               +--------+--------+--------+--------+--------+-----+--------+
         Total |   1482 |   1465 |     17 |     82 |   1108 |   3 |  494.0 |
       Dungeon |   1482 |   1465 |     17 |     82 |   1108 |   3 |  494.0 |
               +--------+--------+--------+--------+--------+-----+--------+

Top non-repeatable levels by time:
     D:1: 1279 daAuts
     D:4: 182 daAuts
     D:2: 21 daAuts
